AoeStats
← alecsmonti

Arena

510171050Analyzed
4v4 RM · 2d ago on Sep 29, 2026· 54m 31s· 8 players
Game mode
Random Map
Map size
Large (8 player)
Population
200
Speed
Normal
Resources
Standard
Victory
Conquest
Starting age
Dark Age
Ending age
Imperial Age
RankedLock teamsTeams togetherTeam positionsShared explorationLock speedFull tech treeHidden civsTurbo modeCheats
Victory
Defeat
🇺🇸 Teutons · United States
719
+14
🇨🇦 Mongols · Canada
715
+15
🇲🇽 Aztecs · Mexico
667
+17
🇬🇧 Byzantines · United Kingdom
607
+19
🇮🇹 Celts · Italy
692
-17
🇩🇪 Malay · Germany
683
-16
🇮🇹 Huns · Italy
679
-16
🇹🇷 Byzantines · Türkiye
665
-16
alecsmonti
0:43 Loom
0:50 Loom
13:26 Feudal Age
19:23 Double-Bit Axe
19:24 Horse Collar
20:23 Wheelbarrow
20:09 Gold Mining
20:10 Stone Mining
24:16 Castle Age
24:17 Forging
24:34 Scale Barding Armor
26:42 Iron Casting
33:51 Imperial Age
32:22 Bow Saw
32:20 Heavy Plow
32:42 Hand Cart
33:08 Chain Barding Armor
35:13 Marauders
35:35 Conscription
36:34 Gold Shaft Mining
36:43 Elite Tarkan
38:47 Blast Furnace
38:52 Plate Barding Armor
38:39 Bloodlines
38:29 Husbandry
heffenstinner
13:06 Feudal Age
11:22 Loom
19:45 Castle Age
17:32 Double-Bit Axe
17:52 Horse Collar
20:36 Wheelbarrow
23:18 Bow Saw
23:13 Heavy Plow
23:23 Gold Mining
23:27 Stone Mining
32:36 Imperial Age
31:58 Stone Shaft Mining
33:05 Hand Cart
34:41 Chemistry
35:54 Gold Shaft Mining
37:03 Elite Karambit Warrior
38:05 Conscription
41:59 Crossbowman
42:45 Thumb Ring
42:26 Pikeman
43:06 Squires
44:33 Halberdier
iaba
1:03 Loom
13:15 Feudal Age
14:02 Double-Bit Axe
21:28 Castle Age
19:25 Horse Collar
23:24 Bow Saw
23:28 Heavy Plow
25:14 Caravan
26:13 Stone Mining
27:40 Wheelbarrow
26:52 Town Watch
27:58 Arson
29:59 Pikeman
30:25 Gambesons
30:02 Man-at-Arms
31:37 Stronghold
32:01 Padded Archer Armor
31:52 Fletching
32:15 Forging
32:55 Long Swordsman
35:23 Husbandry
36:25 Hand Cart
44:46 Imperial Age
42:19 Town Patrol
47:03 Iron Casting
46:23 Bodkin Arrow
46:29 Scale Mail Armor
46:35 Scale Barding Armor
46:30 Padded Archer Armor
46:04 Two-Handed Swordsman
46:10 Heavy Scorpion
46:11 Capped Ram
47:21 Siege Engineers
49:17 Conscription
54:07 Light Cavalry
EmreKGvar
15:00 Feudal Age
15:29 Double-Bit Axe
15:36 Loom
15:37 Horse Collar
24:18 Castle Age
22:48 Gold Mining
22:50 Stone Mining
23:45 Wheelbarrow
25:30 Bow Saw
25:25 Heavy Plow
29:18 Hand Cart
29:45 Gold Shaft Mining
29:45 Stone Shaft Mining
34:32 Imperial Age
40:19 Heavy Camel Rider
42:15 Scale Barding Armor
45:04 Chain Barding Armor
fernandojrz.0312
0:37 Loom
10:54 Feudal Age
12:24 Wheelbarrow
11:36 Double-Bit Axe
14:07 Gold Mining
17:28 Horse Collar
20:57 Stone Mining
23:12 Castle Age
21:58 Forging
21:48 Scale Mail Armor
22:39 Scale Mail Armor
24:19 Hand Cart
25:10 Iron Casting
24:50 Chain Mail Armor
25:26 Stone Shaft Mining
25:03 Heavy Plow
25:26 Pikeman
26:06 Squires
25:54 Treadmill Crane
27:05 Gold Shaft Mining
27:33 Bow Saw
34:54 Fortified Wall
44:01 Imperial Age
44:03 Capped Ram
44:06 Elite Jaguar Warrior
45:07 Conscription
45:13 Conscription
46:54 Blast Furnace
46:24 Plate Mail Armor
49:55 Siege Ram
51:05 Garland Wars
53:34 Caravan
F o r k B e a r d
8:37 Loom
11:23 Feudal Age
16:30 Castle Age
14:59 Double-Bit Axe
15:31 Horse Collar
17:11 Wheelbarrow
29:34 Fortified Wall
29:54 Hand Cart
30:01 Bow Saw
30:16 Town Watch
33:23 Imperial Age
31:11 Town Patrol
32:56 Scale Barding Armor
33:02 Forging
33:00 Caravan
33:38 Ballistics
33:31 Stone Mining
33:34 Gold Mining
35:23 Stone Shaft Mining
34:36 Arrowslits
35:13 Cavalier
36:03 Bloodlines
36:35 Hoardings
36:21 Conscription
36:50 Guard Tower
38:02 Chemistry
38:38 Two-Man Saw
37:39 Heavy Plow
37:55 Masonry
37:12 Paladin
39:05 Chain Barding Armor
39:21 Iron Casting
41:07 Plate Barding Armor
41:35 Keep
42:37 Blast Furnace
43:36 Scale Mail Armor
49:59 Heated Shot
50:15 Siege Engineers
51:39 Coinage
51:20 Guilds
52:11 Chain Mail Armor
51:57 Padded Archer Armor
51:47 Fletching
52:20 Crenellations
52:22 Ironclad
51:23 Elite Teutonic Knight
51:34 Sappers
51:27 Pikeman
52:07 Squires
51:53 Gambesons
51:53 Arson
54:58 Plate Mail Armor
ClpHewitt
10:22 Feudal Age
12:13 Horse Collar
18:54 Castle Age
30:19 Scale Barding Armor
30:25 Husbandry
30:09 Elite Skirmisher
31:07 Thumb Ring
31:13 Double-Bit Axe
31:46 Heavy Plow
31:50 Padded Archer Armor
34:36 Forging
38:12 Imperial Age
36:19 Wheelbarrow
35:32 Loom
36:40 Town Watch
39:02 Capped Ram
40:21 Drill
40:15 Husbandry
42:33 Bloodlines
41:44 Heavy Camel Rider
49:59 Chain Barding Armor
50:15 Iron Casting
52:44 Siege Ram
53:22 Light Cavalry
54:47 Bow Saw
55:51 Blast Furnace
athmaniac
2:24 Loom
11:27 Feudal Age
19:00 Castle Age
17:36 Double-Bit Axe
17:34 Horse Collar
17:48 Stone Mining
18:54 Gold Mining
24:13 Fervor
27:09 Heavy Plow
32:30 Stone Shaft Mining
32:31 Gold Shaft Mining
31:52 Fletching
32:08 Scale Barding Armor
32:14 Forging
31:45 Pikeman
32:26 Squires
35:44 Imperial Age
33:46 Scale Mail Armor
34:07 Chain Barding Armor
33:44 Bodkin Arrow
35:28 Greek Fire
36:57 Conscription
36:48 Logistica
36:10 Onager
39:09 Chain Mail Armor
39:30 Iron Casting
39:22 Bow Saw
40:13 Wheelbarrow
41:33 Murder Holes
41:19 Treadmill Crane
42:40 Chemistry
41:52 Fortified Wall
42:16 Plate Mail Armor
41:53 Elite Cataphract
43:35 Halberdier
44:01 Arson
44:02 Gambesons
46:00 Ballistics
Connection lost

Rejoining the realm…

Still unreachable

The connection could not be restored.

Session expired

The server has moved on; the page needs a fresh start.